 Dungeon Crawl Stone Soup version 0.30-a0-219-gf2db51d15e (webtiles) character file.

Game seed: 201060139550221534

98 Qew7 the Ruffian (level 4, 0/45 HPs)
             Began as a Troll Berserker on Oct 6, 2022.
             Was a Believer of Trog.
             Slain by a hobgoblin
             ... wielding a +0 dagger
              (3 damage)
             ... while paralysed
             ... on level 2 of the Dungeon.
             The game lasted 00:06:13 (961 turns).

Qew7 the Ruffian (Troll Berserker)                   Turns: 961, Time: 00:06:14

Health: 0/45       AC:  4    Str: 24 (27) XL:     4   Next: 44%
Magic:  3/3        EV:  1    Int:  0 (3)  God:    Trog [**....]
Gold:   23         SH:  0    Dex:  6 (9)  Spells: 3/3 levels left

rFire   . . .      SeeInvis .      - Unarmed
rCold   . . .      Faith    .    (no shield)
rNeg    + . .      Spirit   .    b - +0 robe "Jusir" {Harm +Blink rN+}
rPois   .          Reflect  .    (helmet restricted)
rElec   .          Harm     +    (no cloak)
rCorr   .          Rampage  .    (gloves unavailable)
Will    .....                    (boots unavailable)
Stlth   +.........               (no amulet)
HPRegen 1.07/turn                (no ring)
MPRegen 0.08/turn                (no ring)

@: paralysed, slowed, lost intelligence, unable to read
A: large, unfitting armour, claws 3, regeneration 1, shaggy fur 1, tough skin 1
a: Renounce Religion, Evoke Blink, Berserk, Trog's Hand


You were on level 2 of the Dungeon.
You worshipped Trog.
Trog was pleased with you.
You visited 1 branch of the dungeon, and saw 2 of its levels.

You collected 23 gold pieces.

Inventory:

Missiles
 f - a throwing net (quivered)
Armour
 a - a +0 animal skin
 b - the +0 robe "Jusir" (worn) {Harm +Blink rN+}
   (You acquired it on level 2 of the Dungeon)

   rN:        It protects you from negative energy.
   +Blink:    It lets you blink.
   Harm:      It increases damage dealt and taken.
Magical Staves
 g - a staff of conjuration
Scrolls
 c - a scroll of noise
Potions
 h - a potion of might {unknown}


   Skills:
 + Level 3.0 Fighting
 + Level 3.2 Dodging
 + Level 0.1 Stealth
 + Level 3.9 Unarmed Combat


You had 3 spell levels left.
You didn't know any spells.
Your spell library contained the following spells:

 Spells                   Type           Power      Damage    Failure   Level
 Freeze                   Ice            0%         1d3       58%         1
 Frozen Ramparts          Ice            0%         1d1       92%         3
 Hailstorm                Conj/Ice       0%         3d3       92%         3


Dungeon Overview and Level Annotations

Branches:
Dungeon (1/15)

Altars:

Annotations:
D:2 Robin


Innate Abilities, Weirdness & Mutations

You are too large for most types of armour.
You have claws for hands.
Your natural rate of healing is unusually fast.
You are covered in fur. (AC +1)
You have tough skin. (AC +1)


Message History

The goblin hits you but does no damage. The hobgoblin barely misses you.
You swap places.
You feel sick.
A bat comes into view.
The goblin barely misses you.
You see here an adder corpse.
You swap places.
You feel sick.
You are no longer poisoned.
The goblin misses your butterfly. The hobgoblin misses your butterfly.
It was a potion of degeneration.
There was something very wrong with that liquid.
You feel weakened.
You feel dopey.
You have lost your intelligence.
You feel clumsy.
Your butterfly disappears in a burst of colours!
The bat hits your butterfly.
Your butterfly dies!
Your butterfly disappears in a burst of colours!
The goblin barely misses your butterfly.
The goblin hits your butterfly with a +0 dagger.
Your butterfly dies!
Your butterfly disappears in a burst of colours!
Your butterfly disappears in a burst of colours! x2
The bat closely misses your butterfly.
A hobgoblin comes into view.
The goblin hits you with a +0 club.
* * * LOW HITPOINT WARNING * * *
The hobgoblin hits you with a +0 dagger!
* * * LOW HITPOINT WARNING * * *
The goblin hits your butterfly with a +0 dagger.
Your butterfly dies!
Your butterfly disappears in a burst of colours!
Robin laughs in a distinctly smug fashion.
A goblin comes into view. It is wielding a +0 dagger.
A goblin comes into view. It is wielding a +0 club.
The worm completely misses your butterfly.
Your butterfly disappears in a burst of colours! x3
The goblin hits you but does no damage. The goblin hits you with a +0 club.
* * * LOW HITPOINT WARNING * * *
A hobgoblin comes into view.
The hobgoblin hits you with a +0 dagger.
You die...

#... ##..# #### #
####..########...
..####...............( .
....#...b............ ...
###....b............†
....##.....b.b.........†..
.......#gbbb.bb†..........
......†gg@b.bb.......###..
....#..(#gb.b........##...
..ggg.g..w...bb.....###.#.
.........#..bb............
...g...b......b.......## #
..)#....####........###
......... ##........
..##...#. ....


You could see a worm, Robin, 2 hobgoblins, 6 goblins and a bat.

Vanquished Creatures
  Natasha (twice) (D:2)
  2 adders (D:2)
  2 dart slugs (D:1)
  2 ball pythons
  4 endoplasms
  5 giant cockroaches
  A goblin (D:1)
  2 hobgoblins
  4 kobolds (D:1)
  A quokka (D:1)
  A bat (D:2)
  3 rats
29 creatures vanquished.

Notes
Turn   | Place    | Note
-------+----------+-------------------------------------------
     0 | D:1      | Qew7 the Troll Berserker began the quest for the Orb.
     0 | D:1      | Reached XP level 1. HP: 22/22 MP: 0/0
   237 | D:1      | Reached XP level 2. HP: 29/29 MP: 1/1
   848 | D:1      | Found a faded altar of an unknown god.
   854 | D:1      | You fall into a shaft and drop 1 floor!
   882 | D:2      | Reached ** piety under Trog
   883 | D:2      | Reached XP level 3. HP: 36/36 MP: 2/2
   887 | D:2      | Noticed Natasha
   902 | D:2      | Killed Natasha
   912 | D:2      | Noticed Natasha
   918 | D:2      | Killed Natasha
   919 | D:2      | Reached XP level 4. HP: 41/44 MP: 3/3
   933 | D:2      | Identified a scroll of acquirement
   933 | D:2      | Acquired the +0 robe "Jusir" {Harm +Blink rN+}
   953 | D:2      | Noticed Robin
   959 | D:2      | Lost intelligence.
   961 | D:2      | Slain by a hobgoblin

Illustrated notes

Levels and vault maps discovered:
D:1:      minmay_arrival_nine_rooms, layout_basic,
          hellmonk_ecumenical_altar_leap_of_faith
D:2:      layout_rooms, uniq_robin, uniq_natasha

Skill      XL: |  1  2  3  4 |
---------------+-------------+-----
Dodging        | 3 |  3.2
Fighting       | 3 |  3.0
Stealth        | |  0.1
Unarmed Combat | |  3.9

Action                   |  1- 3 |  4- 6 || total
-------------------------+-------+-------++-------
Melee: Unarmed           |    62 |    21 ||    83
  Use: Scroll            |       |     3 ||     3
       Potion            |       |     1 ||     1
Armor: Animal skin       |    15 |     5 ||    20
       Robe              |       |     5 ||     5
       Skin              |       |     1 ||     1
Dodge: Dodged            |    33 |    22 ||    55

Table legend: (Time is in decaauts)
 A = Elapsed time spent in this place.
 B = Non-inter-level travel time spent in this place.
 C = Inter-level travel time spent in this place.
 D = Time resting spent in this place.
 E = Time spent auto-exploring this place.
 F = Levels seen in this place.
 G = Mean time per level.
                   A        B        C        D        E       F      G
               +--------+--------+--------+--------+--------+-----+--------+
         Total |    968 |    968 |      0 |      0 |    712 |   2 |  484.0 |
       Dungeon |    968 |    968 |      0 |      0 |    712 |   2 |  484.0 |
               +--------+--------+--------+--------+--------+-----+--------+

Top non-repeatable levels by time:
     D:1: 851 daAuts
     D:2: 117 daAuts
